UAA
MYRTLE BEACH MERMEN @ GURDON PELICANS
07/05/2018
 
TOP OF THE 1ST
Myrtle Beach Mermen batting - Pitching for Gurdon Pelicans : RHP Art Adams
Pitching: RHP Art Adams
Batting: RHB Jim Unknown 0-0: Called Strike
0-1: Ball
1-1: Ball
2-1: Ball
3-1: Called Strike
3-2: Base on Balls
Batting: RHB Jim Unknown 0-0: Called Strike
Jim Unknown steals 2nd base
0-1: Swinging Strike
0-2: Strikes out swinging
Batting: RHB Álex Rodríguez 0-0: Called Strike
0-1: Swinging Strike
0-2: Ball
Wild Pitch!
Jim Unknown to third
1-2: Ball
2-2: Strikes out looking
Batting: RHB Sal Haynes 0-0: Ball
1-0: Ball
2-0: Ball
Wild Pitch!
Jim Unknown scores
3-0: Called Strike
3-1: Foul Ball, location: 2F
3-2: Ground out 1-3 (Groundball, 13S)
Top of the 1st over - 1 run(s), 0 hit(s), 0 error(s), 0 left on base; Myrtle Beach 1 - Gurdon 0
BOTTOM OF THE 1ST
Gurdon Pelicans batting - Pitching for Myrtle Beach Mermen : RHP Eric Newell
Pitching: RHP Eric Newell
Batting: RHB Alex Maxwell 0-0: Ground out 1-3 (Groundball, 23)
Batting: RHB Randy Gregory 0-0: Ball
1-0: Fly out, F6 (Line Drive, 6D)
Batting: RHB Micah Miller 0-0: Reached on error, E5 (Groundball, 5)
Batting: RHB Brian Lynch 0-0: Ground out 5-3 (Groundball, 5S)
Bottom of the 1st over - 0 run(s), 0 hit(s), 1 error(s), 1 left on base; Myrtle Beach 1 - Gurdon 0
TOP OF THE 2ND
Myrtle Beach Mermen batting - Pitching for Gurdon Pelicans : RHP Art Adams
Batting: SHB Avery Little 0-0: Ball
1-0: Called Strike
1-1: Foul Ball, location: 2F
1-2: Ball
2-2: Foul Ball, location: 2F
2-2: Foul Ball, location: 2F
2-2: Strikes out swinging
Batting: RHB Jeff Minter 0-0: Ball
1-0: Foul Ball, location: 2F
1-1: Called Strike
1-2: Fly out, F6 (Popup, 6D)
Batting: LHB Eddie Flynn 0-0: Ground out 3-1 (Groundball, 34S)
Top of the 2nd over - 0 run(s), 0 hit(s), 0 error(s), 0 left on base; Myrtle Beach 1 - Gurdon 0
BOTTOM OF THE 2ND
Gurdon Pelicans batting - Pitching for Myrtle Beach Mermen : RHP Eric Newell
Batting: RHB Daniel Drake 0-0: Ball
1-0: Fly out, F9 (Line Drive, 9M)
Batting: RHB Robert Fuller 0-0: Ball
1-0: Called Strike
1-1: SINGLE (Line Drive, 4D)
Pitching: LHP Jason Puckett
Batting: RHB Jim Unknown 0-0: Called Strike
0-1: Ball
1-1: Ball
2-1: Ball
3-1: Base on Balls
Robert Fuller to second
Batting: RHB Jim Unknown 0-0: Swinging Strike
0-1: Ball
1-1: Foul Ball, location: 2F
1-2: Foul Ball, location: 2F
1-2: Ball
2-2: Ball
3-2: Base on Balls
Robert Fuller to third
Jim Unknown to second
Batting: RHB Jim Unknown 0-0: Called Strike
0-1: TRIPLE (Line Drive, 8RXD)
Robert Fuller scores
Jim Unknown scores
Jim Unknown scores
Batting: RHB Alex Maxwell 0-0: Fly out, F7 (Flyball, 7M)
Runner from 3rd tags up, SCORES, no throw
Pitching: RHP Mauro Guzmán
Batting: RHB Randy Gregory 0-0: Ball
1-0: Ball
2-0: Foul Ball, location: 2F
2-1: Called Strike
2-2: Ball
3-2: Fly out, F7 (Flyball, 7M)
Bottom of the 2nd over - 4 run(s), 2 hit(s), 0 error(s), 0 left on base; Myrtle Beach 1 - Gurdon 4
TOP OF THE 3RD
Myrtle Beach Mermen batting - Pitching for Gurdon Pelicans : RHP Art Adams
Batting: RHB Ángelo Saldaña 0-0: Called Strike
0-1: Ball
1-1: Swinging Strike
1-2: Strikes out looking
Batting: RHB Edward Payne 0-0: Foul Ball, location: 2F
0-1: Ground out 4-3 (Groundball, 4)
Batting: RHB Jim Unknown 0-0: Ball
1-0: Called Strike
1-1: Swinging Strike
1-2: Foul Ball, location: 2F
1-2: SOLO HOME RUN (Flyball, 7LD), Distance : 371 ft
Batting: RHB Jim Unknown 0-0: Ball
1-0: Foul Ball, location: 2F
1-1: Swinging Strike
1-2: Strikes out swinging
Top of the 3rd over - 1 run(s), 1 hit(s), 0 error(s), 0 left on base; Myrtle Beach 2 - Gurdon 4
BOTTOM OF THE 3RD
Gurdon Pelicans batting - Pitching for Myrtle Beach Mermen : RHP Mauro Guzmán
Batting: RHB Micah Miller 0-0: Called Strike
0-1: Fly out, F8 (Flyball, 8LM)
Batting: RHB Brian Lynch 0-0: Ball
1-0: Called Strike
1-1: Fly out, F9 (Flyball, 9LSF)
Batting: RHB Daniel Drake 0-0: Ball
1-0: Swinging Strike
1-1: Swinging Strike
1-2: Ball
2-2: Foul Ball, location: 2F
2-2: Ball
3-2: Foul Ball, location: 2F
3-2: Strikes out swinging
Bottom of the 3rd over - 0 run(s), 0 hit(s), 0 error(s), 0 left on base; Myrtle Beach 2 - Gurdon 4
TOP OF THE 4TH
Myrtle Beach Mermen batting - Pitching for Gurdon Pelicans : RHP Art Adams
Batting: RHB Álex Rodríguez 0-0: Foul Ball, location: 2F
0-1: Ball
1-1: Ball
2-1: Fly out, F7 (Flyball, 7M)
Batting: RHB Sal Haynes 0-0: Called Strike
0-1: Called Strike
0-2: Strikes out swinging
Batting: SHB Avery Little 0-0: Ball
1-0: Foul Ball, location: 2F
1-1: Foul Ball, location: 2F
1-2: Strikes out looking
Top of the 4th over - 0 run(s), 0 hit(s), 0 error(s), 0 left on base; Myrtle Beach 2 - Gurdon 4
BOTTOM OF THE 4TH
Gurdon Pelicans batting - Pitching for Myrtle Beach Mermen : RHP Mauro Guzmán
Batting: RHB Robert Fuller 0-0: Ball
1-0: Ball
2-0: Called Strike
2-1: Foul Ball, location: 2F
2-2: Fly out, F3 (Popup, 23F)
Batting: RHB Jim Unknown 0-0: Ball
1-0: Ground out 5-3 (Groundball, 5)
Batting: RHB Jim Unknown 0-0: Foul Ball, location: 2F
0-1: Ground out 5-3 (Groundball, 5L)
Bottom of the 4th over - 0 run(s), 0 hit(s), 0 error(s), 0 left on base; Myrtle Beach 2 - Gurdon 4
TOP OF THE 5TH
Myrtle Beach Mermen batting - Pitching for Gurdon Pelicans : RHP Art Adams
Batting: RHB Jeff Minter 0-0: Ball
1-0: Foul Ball, location: 2F
1-1: SINGLE (Groundball, 6D)
Batting: LHB Eddie Flynn 0-0: Foul Ball, location: 2F
0-1: Ball
Jeff Minter is caught stealing 2nd base
1-1: Swinging Strike
1-2: Foul Ball, location: 2F
1-2: Fly out, F9 (Flyball, 9M)
Batting: RHB Ángelo Saldaña 0-0: Fly out, F7 (Flyball, 78S)
Top of the 5th over - 0 run(s), 1 hit(s), 0 error(s), 0 left on base; Myrtle Beach 2 - Gurdon 4
BOTTOM OF THE 5TH
Gurdon Pelicans batting - Pitching for Myrtle Beach Mermen : RHP Mauro Guzmán
Batting: RHB Jim Unknown 0-0: Called Strike
0-1: SINGLE (Groundball, 56)
Batting: RHB Alex Maxwell 0-0: Ball
1-0: Called Strike
1-1: Ball
2-1: Bunted foul
2-2: SINGLE (Line Drive, 7LS)
Jim Unknown to second
Batting: RHB Randy Gregory 0-0: Ball
1-0: Ball
2-0: Called Strike
2-1: Foul Ball, location: 2F
2-2: SINGLE (Groundball, 56S)
Jim Unknown to third
Alex Maxwell to second
Runner from 3rd tries for Home, SAFE, no throw or cutoff
Batting: RHB Micah Miller 0-0: Called Strike
0-1: SINGLE (Groundball, 6MD) (infield hit)
Alex Maxwell to third
Randy Gregory to second
Batting: RHB Brian Lynch 0-0: Ball
1-0: Foul Ball, location: 2F
1-1: Swinging Strike
1-2: Ball
2-2: SINGLE (Groundball, 4MD)
Alex Maxwell scores
Randy Gregory to third
Micah Miller to second
Batting: RHB Daniel Drake 0-0: Called Strike
0-1: Swinging Strike
0-2: Ball
1-2: Grounds into double play, 6-4-3 (Groundball, 6)
Randy Gregory scores
Micah Miller to third
Pitching: RHP Andrés Ventura
Batting: RHB Robert Fuller 0-0: Ball
1-0: Ball
2-0: SINGLE (Groundball, 4MD) (infield hit)
Micah Miller scores
Batting: RHB Jim Unknown 0-0: Ball
Balk!
Robert Fuller to second
1-0: Called Strike
1-1: Ball
2-1: Ball
3-1: Foul Ball, location: 2F
3-2: DOUBLE (Line Drive, 3D)
Robert Fuller scores
Batting: RHB Jim Unknown 0-0: Called Strike
0-1: Called Strike
0-2: Ball
1-2: Ball
2-2: DOUBLE (Flyball, 7D)
Jim Unknown scores
Batting: RHB Jim Unknown 0-0: Ball
1-0: Ball
2-0: Foul Ball, location: 2F
2-1: Ball
3-1: SINGLE (Line Drive, 7LS)
Jim Unknown to third
Runner from 3rd tries for Home, SAFE, no throw or cutoff
Batting: RHB Alex Maxwell 0-0: Ball
1-0: Ball
2-0: Ball
3-0: Called Strike
3-1: Swinging Strike
3-2: Strikes out swinging
Bottom of the 5th over - 7 run(s), 9 hit(s), 0 error(s), 1 left on base; Myrtle Beach 2 - Gurdon 11
TOP OF THE 6TH
Myrtle Beach Mermen batting - Pitching for Gurdon Pelicans : RHP Art Adams
Batting: RHB Edward Payne 0-0: Called Strike
0-1: Foul Ball, location: 2F
0-2: Ball
1-2: Strikes out swinging
Batting: RHB Jim Unknown 0-0: Swinging Strike
0-1: Fly out, F8 (Line Drive, 8LM)
Batting: RHB Jim Unknown 0-0: Ball
1-0: Called Strike
1-1: Ball
2-1: Ball
3-1: Foul Ball, location: 2F
3-2: Foul Ball, location: 2F
3-2: Strikes out swinging
Top of the 6th over - 0 run(s), 0 hit(s), 0 error(s), 0 left on base; Myrtle Beach 2 - Gurdon 11
BOTTOM OF THE 6TH
Gurdon Pelicans batting - Pitching for Myrtle Beach Mermen : RHP Andrés Ventura
Pitching: RHP Manuel Carrión
Batting: RHB Randy Gregory 0-0: Called Strike
0-1: Ball
1-1: Ball
2-1: Foul Ball, location: 2F
2-2: Fly out, F9 (Line Drive, 89M)
Batting: RHB Micah Miller 0-0: Called Strike
0-1: Foul Ball, location: 2F
0-2: Ball
1-2: Ground out 4-3 (Groundball, 13)
Batting: RHB Brian Lynch 0-0: Ball
1-0: Ball
2-0: Ball
3-0: Foul Ball, location: 2F
3-1: Foul Ball, location: 2F
3-2: Base on Balls
Batting: RHB Daniel Drake 0-0: Called Strike
0-1: Ball
1-1: Fielders Choice at 2nd, U4 (Groundball, 4M)
Bottom of the 6th over - 0 run(s), 0 hit(s), 0 error(s), 1 left on base; Myrtle Beach 2 - Gurdon 11
TOP OF THE 7TH
Myrtle Beach Mermen batting - Pitching for Gurdon Pelicans : RHP Art Adams
Batting: RHB Álex Rodríguez 0-0: Ball
1-0: Swinging Strike
1-1: Called Strike
1-2: Strikes out looking
Batting: RHB Sal Haynes 0-0: Ball
1-0: Fly out, F8 (Flyball, 8LM)
Batting: SHB Avery Little 0-0: Called Strike
0-1: Called Strike
0-2: Ball
1-2: Strikes out looking
Top of the 7th over - 0 run(s), 0 hit(s), 0 error(s), 0 left on base; Myrtle Beach 2 - Gurdon 11
BOTTOM OF THE 7TH
Gurdon Pelicans batting - Pitching for Myrtle Beach Mermen : RHP Manuel Carrión
Batting: RHB Robert Fuller 0-0: Ball
1-0: Called Strike
1-1: Foul Ball, location: 2F
1-2: Foul Ball, location: 2F
1-2: Foul Ball, location: 2F
1-2: Foul Ball, location: 2F
1-2: Strikes out swinging
Batting: RHB Jim Unknown 0-0: Called Strike
0-1: Ball
1-1: Swinging Strike
1-2: Ball
2-2: Ball
3-2: SINGLE (Line Drive, 6MD)
Batting: RHB Jim Unknown 0-0: Ball
1-0: Foul Ball, location: 2F
1-1: Ball
2-1: Ball
3-1: Swinging Strike
3-2: Grounds into double play, 6-4-3 (Groundball, 6)
Bottom of the 7th over - 0 run(s), 1 hit(s), 0 error(s), 0 left on base; Myrtle Beach 2 - Gurdon 11
TOP OF THE 8TH
Myrtle Beach Mermen batting - Pitching for Gurdon Pelicans : RHP Art Adams
Batting: RHB Jeff Minter 0-0: Fly out, F8 (Flyball, 8LM)
Batting: LHB Eddie Flynn 0-0: Ball
1-0: Ball
2-0: Foul Ball, location: 2F
2-1: Foul Ball, location: 2F
2-2: Ball
3-2: Strikes out swinging
Batting: RHB Ángelo Saldaña 0-0: Foul Ball, location: 2F
0-1: Ball
1-1: Fly out, F9 (Flyball, 89M)
Top of the 8th over - 0 run(s), 0 hit(s), 0 error(s), 0 left on base; Myrtle Beach 2 - Gurdon 11
BOTTOM OF THE 8TH
Gurdon Pelicans batting - Pitching for Myrtle Beach Mermen : RHP Manuel Carrión
Pitching: RHP Kenny Ryan
Batting: RHB Jim Unknown 0-0: Ball
1-0: Foul Ball, location: 2F
1-1: Swinging Strike
1-2: Ball
2-2: Ball
3-2: Foul Ball, location: 2F
3-2: Strikes out swinging
Batting: RHB Alex Maxwell 0-0: Ball
1-0: Ground out 1-3 (Groundball, 15S)
Batting: RHB Randy Gregory 0-0: Ball
1-0: Foul Ball, location: 2F
1-1: Ball
2-1: Swinging Strike
2-2: Strikes out swinging
Bottom of the 8th over - 0 run(s), 0 hit(s), 0 error(s), 0 left on base; Myrtle Beach 2 - Gurdon 11
TOP OF THE 9TH
Myrtle Beach Mermen batting - Pitching for Gurdon Pelicans : RHP Art Adams
Batting: RHB Edward Payne 0-0: Ball
1-0: Called Strike
1-1: Called Strike
1-2: Foul Ball, location: 2F
1-2: Strikes out looking
Pitching: RHP Michael Swanson
Batting: RHB Jim Unknown 0-0: Ball
1-0: Foul Ball, location: 2F
1-1: Foul Ball, location: 2F
1-2: Strikes out swinging
Batting: RHB Jim Unknown 0-0: Swinging Strike
0-1: Called Strike
0-2: Ground out 6-3 (Groundball, 56)
Top of the 9th over - 0 run(s), 0 hit(s), 0 error(s), 0 left on base; Myrtle Beach 2 - Gurdon 11
This league is powered by Out of the Park Baseball, the baseball management simulation game for PC, Mac and Linux
Monday, May 4th, 2015 - OOTP Baseball 15.6 Build 34